[Event "Grandmaster Tournament Blitz"]
[Site "Biel/Bienne, Switzerland"]
[Date "2019.07.27"]
[Round "6.4"]
[White "Georgiadis, Nico"]
[Black "Abdusattorov, Nodirbek"]
[Result "0-1"]
[ECO "C41"]
[WhiteElo "2464"]
[BlackElo "2550"]
[PlyCount "72"]
[EventDate "2019.??.??"]
[EventType "blitz"]
[TimeControl "3+2"]
[WhiteClock "0:00:15"]
[BlackClock "0:01:42"]

1. d4 d6 2. e4 Nf6 3. Nc3 e5 4. Nf3 Nbd7 5. Bc4 Be7 6. a4 O-O 7. O-O c6 8. Re1 a5 9. h3 exd4 10. Qxd4 Qb6 11. Bf4 Qxd4 12. Nxd4 Ne5 13. Bf1 Re8 14. Rad1 Bf8 15. Bg3 g6 16. f4 Ned7 17. Nf3 Nc5 18. e5 dxe5 19. fxe5 Nh5 20. Bf2 Be6 21. b3 Rad8 22. Bh4 Rxd1 23. Rxd1 Ng7 24. Bf2 Bf5 25. Rd2 Ne4 26. Nxe4 Bxe4 27. Rd7 Re7 28. Rxe7 Bxe7 29. Ne1 Bb4 30. Nd3 Bc3 31. Bb6 Ne6 32. Kf2 g5 33. Ke3 Bg6 34. Be2 h5 35.
Bd1 Kf8 36. Nc5 Bd4+ 0-1

[Event "Grandmaster Tournament Blitz"]
[Site "Biel/Bienne, Switzerland"]
[Date "2019.07.27"]
[Round "7.1"]
[White "Abdusattorov, Nodirbek"]
[Black "Shankland, Sam"]
[Result "0-1"]
[ECO "D12"]
[WhiteElo "2550"]
[BlackElo "2660"]
[PlyCount "74"]
[EventDate "2019.??.??"]
[EventType "blitz"]
[TimeControl "3+2"]
[WhiteClock "0:00:05"]
[BlackClock "0:00:36"]

1. d4 d5 2. Nf3 Nf6 3. c4 c6 4. e3 Bf5 5. Nc3 e6 6. Bd3 Bxd3 7. Qxd3 Bb4 8. Bd2 O-O 9. O-O Ba5 10. b3 Nbd7 11. Rfe1 Re8 12. a3 h6 13. b4 Bc7 14. e4 Nb6 15. cxd5 cxd5 16. e5 Nfd7 17. Rec1 Nc4 18. Be1 Rc8 19. a4 f6 20. exf6 Qxf6 21. Nd2 Bf4 22. Rc2 Nxd2 23. Bxd2 Rc4 24. Ne2 Rec8 25. Rac1 Bxd2 26. Qxd2 Nb6 27. Rxc4 dxc4 28. Nc3 Nd5 29. Ne4 Qe7 30. b5 Qa3 31. Nc5 b6 32. Qe1 Kh8 33. Ra1 Qc3 34. Ne4 Qxe1+ 35. Rxe1 c3 36. Ng3 Nf4 37. Ne4 c2 0-1

[Event "Grandmaster Tournament Blitz"]
[Site "Biel/Bienne, Switzerland"]
[Date "2019.07.27"]
[Round "7.2"]
[White "Maghsoodloo, Parham"]
[Black "Georgiadis, Nico"]
[Result "1-0"]
[ECO "A96"]
[WhiteElo "2719"]
[BlackElo "2464"]
[PlyCount "127"]
[EventDate "2019.??.??"]
[EventType "blitz"]
[TimeControl "3+2"]
[WhiteClock "0:00:18"]
[BlackClock "0:00:14"]

1. c4 f5 2. b3 Nf6 3. Bb2 e6 4. g3 Be7 5. Bg2 d6 6. d4 O-O 7. Nf3 Ne4 8. O-O Bf6 9. Nfd2 Nxd2 10. Qxd2 Nc6 11. d5 exd5 12. cxd5 Bxb2 13. Qxb2 Ne5 14. e3 Bd7 15. Nc3 Qf6 16. Qd2 Rae8 17. h3 g5 18. f4 Ng6 19. Rae1 Re7 20. Kh2 h5 21. e4 gxf4 22. gxf4 Nh4 23. Bh1 fxe4 24. Nxe4 Qf5 25. Qc3 Rg7 26. Ng5 Qf6 27. Qxf6 Rxf6 28. Ne6 Bxe6 29. dxe6 Re7 30. Bxb7 Kg7 31. Bd5 c6 32. Bxc6 Rfxe6 33. Rxe6 Rxe6 34. f5 Re3 35. f6+ Kf8 36. Bd5 Re5 37. Rd1 Rf5 38. f7 Nf3+ 39. Kg3 Ne5 40.
Be6 Rf3+ 41. Kh4 Rf6 42. Rxd6 Nxf7 43. Ra6 Nd8 44. Bc4 Rxa6 45. Bxa6 Nc6 46. Kxh5 Nb4 47. Bc4 Nxa2 48. Kg6 Nc3 49. h4 Ne2 50. h5 Nf4+ 51. Kg5 Nh3+ 52. Kg4 Nf2+ 53. Kg3 Ne4+ 54. Kf4 Nf6 55. h6 Nh7 56. Kf5 Ke7 57. Bg8 Nf6 58. h7 Nxh7 59. Bxh7 Kd6 60. Kf4 Kc5 61. Ke3 Kb4 62.
Bc2 Kc3 63. Bd1 a5 64. Ke2 1-0

[Event "Grandmaster Tournament Blitz"]
[Site "Biel/Bienne, Switzerland"]
[Date "2019.07.27"]
[Round "7.3"]
[White "Vidit, Santosh Gujrathi"]
[Black "Cori, Jorge"]
[Result "1-0"]
[ECO "E17"]
[WhiteElo "2694"]
[BlackElo "2558"]
[PlyCount "73"]
[EventDate "2019.??.??"]
[EventType "blitz"]
[TimeControl "3+2"]
[WhiteClock "0:01:02"]
[BlackClock "0:00:06"]

1. d4 Nf6 2. c4 e6 3. Nf3 b6 4. g3 Bb7 5. Bg2 Be7 6. O-O O-O 7. Re1 d5 8.
cxd5 exd5 9. Nc3 Nbd7 10. Bf4 c6 11. Qb3 Re8 12. Rad1 Nf8 13.
e4 dxe4 14. Nxe4 Nd5 15. Bd2 Ne6 16. h4 h6 17. Bc3 a5 18. a3 b5 19. Bh3 Bf8 20. Qc2 b4 21. axb4 axb4 22. Bd2 Qb6 23. Bxe6 Rxe6 24. Nc5 Rxe1+ 25. Rxe1 Rd8 26. Ne5 Bc8 27. Na4 Qb5 28. Qxc6 Bd7 29. Qxb5 Bxb5 30. Nc5 Rc8 31. Rc1 Bxc5 32. dxc5 Kf8 33. c6 f6 34. Rc5 Nc7 35. Bxb4 Kg8 36. Nd7 Re8 37. Ba5 1-0

[Event "Grandmaster Tournament Blitz"]
[Site "Biel/Bienne, Switzerland"]
[Date "2019.07.27"]
[Round "8.1"]
[White "Shankland, Sam"]
[Black "Bogner, Sebastian"]
[Result "1-0"]
[ECO "D32"]
[WhiteElo "2660"]
[BlackElo "2584"]
[PlyCount "131"]
[EventDate "2019.??.??"]
[EventType "blitz"]
[TimeControl "3+2"]
[WhiteClock "0:00:49"]
[BlackClock "0:00:12"]

1. Nf3 d5 2. d4 Nf6 3. c4 e6 4. Nc3 c5 5. e3 a6 6. cxd5 exd5 7. Be2 Nc6 8. O-O Be6 9. Ne5 Rc8 10. Bf3 Be7 11. Nxc6 Rxc6 12. dxc5 Rxc5 13. Ne2 O-O 14. b3 Ne4 15. Bb2 Bf6 16. Bd4 Rc6 17. Rc1 Rxc1 18. Qxc1 Ng5 19. Qb2 Nxf3+ 20. gxf3 Bxd4 21. Qxd4 Qg5+ 22. Kh1 Rc8 23. Rg1 Qh6 24. Nf4 Kh8 25. Qe5 Qf6 26. Qxf6 gxf6 27. Nh5 d4 28. Nxf6 d3 29. Rd1 Bh3 30. Ne4 Rg8 31. Ng3 Rc8 32. Ne4 Rg8 33. Rxd3 Bg2+ 34. Kg1 Bxf3+ 35. Ng3 Rc8 36. h3 h5 37. e4 Rc1+ 38. Kh2 Bd1 39. h4 Bg4 40. f3 Rc2+ 41. Kg1 Bh3 42. Nxh5 Rxa2 43. Nf4 Be6 44. Nxe6 fxe6 45. Rd6 e5 46. Rb6 Kg7 47. h5 Rb2 48. b4 Kh7 49. h6 Rc2 50. Rxb7+ Kxh6 51. Re7 Kg5 52. Rxe5+ Kf4 53. Rf5+ Kg3 54. Kf1 Rb2 55. e5 Rxb4 56. Ke2 Rb6 57. Ke3 a5 58. Rg5+ Kh4 59. Rg8 Ra6 60. Kf4 Kh5 61. Kf5 Kh6 62. e6 a4 63. e7 Ra5+ 64. Kf6 Ra6+ 65. Kf5 Ra5+ 66. Ke4 1-0

[Event "Grandmaster Tournament Blitz"]
[Site "Biel/Bienne, Switzerland"]
[Date "2019.07.27"]
[Round "8.2"]
[White "Leko, Peter"]
[Black "Cori, Jorge"]
[Result "0-1"]
[ECO "C11"]
[WhiteElo "2743"]
[BlackElo "2558"]
[PlyCount "112"]
[EventDate "2019.??.??"]
[EventType "blitz"]
[TimeControl "3+2"]
[WhiteClock "0:00:07"]
[BlackClock "0:00:06"]

1. e4 e6 2. d4 d5 3. Nc3 Nf6 4. e5 Nfd7 5. f4 c5 6. Nf3 Nc6 7. Be3 Be7 8. Qd2 O-O 9. dxc5 Nxc5 10. Be2 a6 11. O-O b5 12. a3 Qc7 13.
Nd4 Rd8 14. Nxc6 Qxc6 15. Bd4 Ne4 16. Qe3 Bb7 17. Nxe4 dxe4 18. c3 g6 19. Rfd1 a5 20. b4 Rdc8 21. Bf1 axb4 22. axb4 Qe8 23. Qe2 Bc6 24. g3 Rxa1 25. Rxa1 Ra8 26. Qe1 Rxa1 27. Qxa1 Qd7 28. Qa7 Qe8 29. Kf2 g5 30. Ke3 gxf4+ 31. gxf4 Bh4 32. Bg2 Bd5 33. Bf1 Bc6 34. Qc7 Qa8 35. Qa7 Qe8 36. Be2 Kh8 37. Kd2 Kg7 38. Kc2 Kg6 39. Bg4 h5 40. Be2 Bd5 41. Qa6 Kf5 42. Be3 Qg8 43. Qxb5 Qg2 44. Kd2 Bf2 45. Qc5 Bxe3+ 46. Qxe3 Qxh2 47. b5 h4 48. b6 h3 49. c4 Bc6 50. Kc3 Qg2 51. Qc5 Qxe2 52. Qxc6 h2 53. Qd7 h1=Q 54. Qxf7+ Kg4 55. Qxe6+ Kf3 56. Kb4 Qb1+ 0-1

[Event "Grandmaster Tournament Blitz"]
[Site "Biel/Bienne, Switzerland"]
[Date "2019.07.27"]
[Round "8.3"]
[White "Vidit, Santosh Gujrathi"]
[Black "Georgiadis, Nico"]
[Result "1-0"]
[ECO "D31"]
[WhiteElo "2694"]
[BlackElo "2464"]
[PlyCount "95"]
[EventDate "2019.??.??"]
[EventType "blitz"]
[TimeControl "3+2"]
[WhiteClock "0:01:05"]
[BlackClock "0:00:07"]

1. d4 d5 2. c4 e6 3. Nc3 Bb4 4. cxd5 exd5 5. Bf4 Ne7 6. e3 O-O 7. Bd3 Bd6 8. Nge2 c6 9. Qc2 h6 10. O-O Bxf4 11. Nxf4 Nd7 12. Rad1 Nf6 13. f3 Re8 14. h3 b6 15. Qf2 c5 16. dxc5 bxc5 17. Bb5 Bd7 18.
Bxd7 Qxd7 19. Ncxd5 Nexd5 20. Nxd5 Nxd5 21. e4 Re5 22. Qxc5 Rd8 23. Rxd5 Rxd5 24. exd5 Qxd5 25. Qxd5 Rxd5 26. Rf2 Rd1+ 27. Kh2 h5 28. h4 g6 29. Rc2 Rb1 30. b3 Ra1 31. Kg3 Kg7 32. Kf4 a5 33.
Ke5 Re1+ 34. Kf4 Ra1 35. Ke3 Kf6 36. Kf4 Ke6 37. Kg5 Rg1 38.
Re2+ Kd5 39. Kf6 Kd4 40. Kxf7 Kd3 41. Rb2 Kc3 42. Rf2 Rb1 43. Kxg6 Rb2 44. Rxb2 Kxb2 45. Kxh5 Kxa2 46. g4 Kxb3 47. g5 a4 48. g6 1-0

[Event "Grandmaster Tournament Blitz"]
[Site "Biel/Bienne, Switzerland"]
[Date "2019.07.27"]
[Round "8.4"]
[White "Maghsoodloo, Parham"]
[Black "Abdusattorov, Nodirbek"]
[Result "1-0"]
[ECO "A48"]
[WhiteElo "2719"]
[BlackElo "2550"]
[PlyCount "105"]
[EventDate "2019.??.??"]
[EventType "blitz"]
[TimeControl "3+2"]
[WhiteClock "0:00:53"]
[BlackClock "0:00:05"]

1. d4 d6 2. Nf3 g6 3. Bg5 Bg7 4. c3 Nf6 5. Nbd2 O-O 6. e4 h6 7. Bf4 Nc6 8. h3 e5 9. dxe5 Nh5 10. Be3 dxe5 11. Bc4 Nf4 12. O-O Qf6 13. Re1 Be6 14. Bxf4 exf4 15. Bxe6 Qxe6 16. Qb3 Qxb3 17. axb3 Rad8 18. b4 a6 19. Nb3 b6 20. Rxa6 Rfe8 21. Raa1 g5 22. Kf1 Re7 23. b5 Ne5 24. Nxe5 Bxe5 25. Red1 Rxd1+ 26. Rxd1 h5 27. f3 Kg7 28. Nd4 Re8 29. Nc6 Bd6 30. Ke2 Ra8 31. Kd3 g4 32. hxg4 hxg4 33. e5 Bc5 34. Ke4 Ra2 35. Rb1 Ra4+ 36. b4 Bf2 37. Ne7 Ra2 38. Kxf4 gxf3 39. gxf3 Kf8 40. Nd5 Rc2 41. Rd1 Kg7 42. Rd3 Be1 43. Ke4 Bd2 44. f4 Be1 45. Re3 Bf2 46. Rf3 Be1 47. Kd3 Rd2+ 48. Kc4 Kg6 49. f5+ Kg7 50. Re3 Bf2 51. Re4 Kf8 52. e6 fxe6 53. fxe6 1-0

[Event "Grandmaster Tournament Blitz"]
[Site "Biel/Bienne, Switzerland"]
[Date "2019.07.27"]
[Round "9.1"]
[White "Maghsoodloo, Parham"]
[Black "Shankland, Sam"]
[Result "*"]
[ECO "D02"]
[WhiteElo "2719"]
[BlackElo "2660"]
[PlyCount "217"]
[EventDate "2019.??.??"]
[EventType "blitz"]
[TimeControl "3+2"]
[WhiteClock "0:00:07"]
[BlackClock "0:00:16"]

1. d4 d5 2. Nf3 Nf6 3. Bf4 c5 4. e3 Nc6 5. c3 Qb6 6. Qb3 c4 7. Qc2 Bf5 8. Qc1 e6 9. Nbd2 h6 10.
Be2 Be7 11. O-O Qa5 12. b4 Qd8 13. a4 O-O 14. h3 a6 15.
Ne5 Nxe5 16. dxe5 Ne4 17. Nf3 a5 18. b5 Nc5 19. Nd4 Bd3 20.
Qd1 Qd7 21. Bxd3 Nxd3 22. Qg4 f5 23. Qg6 Nc5 24. Bxh6 Bd8 25.
Bg5 Qf7 26. Qxf7+ Kxf7 27. Bxd8 Rfxd8 28. f4 Rh8 29. Nf3 Ne4 30. Rac1 Ke7 31. Kh2 Rag8 32. g3 g5 33. fxg5 Nxg5 34. Nxg5 Rxg5 35. Rf4 Rgh5 36. h4 b6 37. Rh1 Kf7 38. Kg2 Ke7 39. Rf2 Rg8 40. Rh3 Rgh8 41. Rd2 R5h7 42. Rd4 Rg8 43. h5 Rh6 44. Kf3 Kf7 45. g4 Rg5 46. gxf5 Rgxh5 47. Rxh5 Rxh5 48. e4 dxe4+ 49. Kxe4 Rh4+ 50. Ke3 Rh3+ 51. Ke2 exf5 52. Rxc4 Ke6 53. Rc6+ Kxe5 54. Kd2 Rh2+ 55. Kd3 Rh3+ 56. Kc4 Rh4+ 57. Kb3 f4 58. Rxb6 f3 59. Rb8 Rf4 60. Re8+ Kd5 61. Rd8+ Kc5 62. Rc8+ Kd6 63. Rd8+ Kc5 64. Rd1 f2 65. Rf1 Rf3 66. Kc2 Kc4 67. Kd2 Rf6 68.
Ke3 Kxc3 69. Rxf2 Re6+ 70. Kf4 Kb4 71. Kf5 Re8 72. Rf4+ Kc5 73.
Re4 Rf8+ 74. Ke5 Re8+ 75.
Kf4 Rf8+ 76. Ke3 Rh8 77. Kd3 Rh3+ 78. Re3 Rh4 79. Re5+ Kb6 80. Re4 Rh1 81. Re6+ Kc5 82. Rc6+ Kb4 83. Rc4+ Kb3 84. Rd4 Rh5 85. Ke4 Ka3 86. Kf4 Kb3 87. Re4 Rc5 88. Ke3 Rh5 89. Kd3 Rd5+ 90. Rd4 Rh5 91. Ke4 Ka3 92. Kf4 Kb3 93. Re4 Rc5 94. Kg4 Ka3 95. Rf4 Rd5 96. Rf5 Rd4+ 97. Rf4 Rd5 98. Kf3 Kb3 99. Ke4 Rc5 100. Kd4 Rh5 101. b6 Kxa4 102. Kc4 Rb5 103. Rf1 Rb4+ 104. Kc5 Rb5+ 105. Kc6 Rb2 106. Ra1+ Kb4 107.
b7 Rc2+ 108. Kb6 Rb2 109. Rxa5 *

[Event "Grandmaster Tournament Blitz"]
[Site "Biel/Bienne, Switzerland"]
[Date "2019.07.27"]
[Round "9.2"]
[White "Abdusattorov, Nodirbek"]
[Black "Vidit, Santosh Gujrathi"]
[Result "1-0"]
[ECO "D38"]
[WhiteElo "2550"]
[BlackElo "2694"]
[PlyCount "169"]
[EventDate "2019.??.??"]
[EventType "blitz"]
[TimeControl "3+2"]
[WhiteClock "0:00:12"]
[BlackClock "0:00:10"]

1. d4 Nf6 2. c4 e6 3. Nf3 d5 4. Nc3 Bb4 5. Bg5 h6 6. Bxf6 Qxf6 7. e3 O-O 8.
Qb3 c5 9. a3 Bxc3+ 10. Qxc3 cxd4 11. Qxd4 Qxd4 12. Nxd4 dxc4 13.
Bxc4 Bd7 14. Ke2 Rc8 15. Bd3 Nc6 16. Nf3 Kf8 17. b4 Rc7 18.
Rhd1 Rac8 19. Rd2 Ke7 20. Rad1 Be8 21. g4 a6 22. h4 Na7 23.
Nd4 Rc3 24. Ra1 Ba4 25. Be4 R8c7 26. Rd3 Nb5 27. Kd2 Nd6 28. Bf3 Rxd3+ 29. Kxd3 e5 30. Nf5+ Nxf5 31. gxf5 Bc2+ 32. Kd2 Bxf5 33. a4 Rc2+ 34. Ke1 Bc8 35. a5 Rc4 36. Rb1 Rxh4 37. b5 Ra4 38. Rc1 Bd7 39. Rc7 Rxa5 40. Bg4 Rxb5 41. Rxd7+ Kf6 42. Bf3 b6 43. Bd5 a5 44. Rxf7+ Kg6 45. Rd7 h5 46. Ke2 Rb4 47. Kf3 a4 48. Ra7 Kf6 49. Bc6 b5 50. Ra5 g5 51. Bxb5 a3 52. Bc6 g4+ 53. Kg3 Rb3 54. Be4 Rb4 55. Ra6+ Ke7 56. Bd5 Rb5 57. e4 Rb1 58. Rxa3 Rh1 59. Kg2 Rd1 60. Ra6 h4 61. Rg6 h3+ 62. Kh2 Rd2 63. Rxg4 Rxf2+ 64. Kxh3 Kd6 65. Rg5 Rf8 66. Kg3 Rf1 67. Kg4 Rf4+ 68. Kh5 Rf8 69. Kg6 Rf1 70. Rf5 Rh1 71. Rf6+ Kc5 72. Kf5 Kd4 73. Ke6 Ra1 74. Rf2 Ra6+ 75. Kf5 Ra1 76. Rd2+ Ke3 77. Rc2 Kd3 78. Rc6 Rh1 79. Kxe5 Rh5+ 80. Kd6 Rh6+ 81. Kc5 Rh5 82. Ra6 Ke3 83. Ra1 Rh7 84. e5 Kf4 85. e6 1-0

[Event "Grandmaster Tournament Blitz"]
[Site "Biel/Bienne, Switzerland"]
[Date "2019.07.27"]
[Round "9.4"]
[White "Cori, Jorge"]
[Black "Bogner, Sebastian"]
[Result "1-0"]
[ECO "A35"]
[WhiteElo "2558"]
[BlackElo "2584"]
[PlyCount "97"]
[EventDate "2019.??.??"]
[EventType "blitz"]
[TimeControl "3+2"]
[WhiteClock "0:00:22"]
[BlackClock "0:00:05"]

1. d4 Nf6 2. c4 g6 3. Nc3 Bg7 4. Nf3 O-O 5. e3 c5 6. Be2 cxd4 7. Nxd4 Nc6 8. O-O d6 9. b3 Nxd4 10. exd4 d5 11. Be3 dxc4 12. bxc4 Qc7 13. Rc1 Bf5 14. Nb5 Qd7 15. h3 h5 16. Qb3 Rfd8 17. Rfd1 b6 18.
d5 Ne4 19. Nd4 Nc5 20. Qa3 Qd6 21. Nxf5 gxf5 22. Bxh5 f4 23. Bxc5 bxc5 24. Rb1 Rdb8 25. Qa4 Bd4 26. Qc2 Kg7 27. Rb3 Rb6 28. Re1 Qf6 29. Bd1 Rh8 30. Qe2 Bc3 31. Rf1 Bd4 32. Re1 Bc3 33. Qg4+ Kf8 34. Re4 Bd4 35. Rxf4 Qe5 36. Re4 f5 37. Rf3 Rf6 38. Rxe5 fxg4 39. Rxf6+ exf6 40. Re6 gxh3 41. gxh3 Rxh3 42. d6 Rd3 43. d7 Rxd1+ 44. Kg2 Bxf2 45. Re8+ Kf7 46. d8=Q Rxd8 47. Rxd8 Bd4 48. Ra8 Ke6 49. Kf3 1-0

[Event "Grandmaster Tournament Blitz"]
[Site "Biel/Bienne, Switzerland"]
[Date "2019.07.27"]
[Round "11.1"]
[White "Vidit, Santosh Gujrathi"]
[Black "Shankland, Sam"]
[Result "0-1"]
[ECO "D30"]
[WhiteElo "2694"]
[BlackElo "2660"]
[PlyCount "124"]
[EventDate "2019.??.??"]
[EventType "blitz"]
[TimeControl "3+2"]
[WhiteClock "0:00:12"]
[BlackClock "0:00:24"]

1. d4 d5 2. Nf3 Nf6 3. c4 c6 4. Qb3 e6 5. Bg5 dxc4 6. Qxc4 Qa5+ 7. Bd2 Qc7 8. Nc3 Nbd7 9. e4 a6 10. e5 b5 11. Qb3 b4 12. Na4 Nd5 13. Rc1 Be7 14. Bd3 a5 15. O-O Ba6 16. Bxa6 Rxa6 17. Bg5 O-O 18. Bxe7 Nxe7 19. Rc4 Nb6 20. Nxb6 Qxb6 21. Rfc1 Rd8 22. Qd3 h6 23. Rc5 Ra7 24. R1c4 Rad7 25. h3 Rd5 26. Qc2 Qa7 27. Qa4 Qb6 28. Qc2 Qa7 29. Rxd5 Rxd5 30. Rc5 Nf5 31. Rxc6 g5 32. Qa4 Qd7 33. Qc2 Nxd4 34. Nxd4 Rxd4 35. Rc7 Qd5 36. Qe2 Kg7 37. Ra7 Re4 38. Qf3 Re1+ 39. Kh2 Qxf3 40. gxf3
Rxe5 41. Kg3 Kg6 42. f4 gxf4+ 43. Kxf4 Re2 44. Kf3 Rxb2 45. Rxa5 f6 46. Kg3 e5 47. f3 h5 48. Ra8 Kg5 49. h4+ Kf5 50.
Ra6 Rc2 51. Rb6 Rb2 52. Ra6 Kg6 53. Rb6 Kf7 54. Ra6 f5 55.
Rb6 f4+ 56. Kh3 Rf2 57. Rxb4 Rxf3+ 58. Kg2 Rg3+ 59. Kf2 Ke6 60. a4 Ra3 61. Rb6+ Kf5 62. Rb4 Ra2+ 0-1

[Event "Grandmaster Tournament Blitz"]
[Site "Biel/Bienne, Switzerland"]
[Date "2019.07.27"]
[Round "11.2"]
[White "Maghsoodloo, Parham"]
[Black "Leko, Peter"]
[Result "1-0"]
[ECO "A14"]
[WhiteElo "2719"]
[BlackElo "2743"]
[PlyCount "145"]
[EventDate "2019.??.??"]
[EventType "blitz"]
[TimeControl "3+2"]
[WhiteClock "0:00:10"]
[BlackClock "0:00:04"]

1. Nf3 Nf6 2. c4 c5 3. b3 e6 4. Bb2 Be7 5. g3 b6 6. Bg2 Bb7 7. O-O O-O 8. e3 d5 9. Qe2 Qc8 10. Nc3 Rd8 11. d3 Nc6 12. Rfd1 d4 13.
exd4 cxd4 14. Nb5 Bc5 15. Na3 Qd7 16. Nc2 a5 17. a3 Rab8 18.
Rab1 Qd6 19. Bc1 Re8 20. Qe1 Qd7 21. b4 axb4 22. axb4 Bf8 23. b5 Na5 24. Bf4 Ra8 25. Ne5 Qc8 26. Bxb7 Qxb7 27. Nxd4 Nd7 28. Nxd7 Qxd7 29. Nf3 f6 30. Be3 Qc7 31. Qe2 e5 32.
h4 Rac8 33. Rbc1 Nb3 34. Rb1 Nc5 35. h5 Ne6 36. Nh4 Bc5 37.
Nf5 Kh8 38. Qg4 Rcd8 39. Nh4 Qf7 40. Ng6+ Kg8 41. Nh4 Rd7 42. Nf5 Kh8 43. h6 g6 44. Ng7 Nxg7 45. hxg7+ Kxg7 46. Bxc5 bxc5 47. b6 Rb8 48. Rb5 Rdb7 49. Rdb1 Qe7 50. Qe2 Qd6 51. Qb2 Qxd3 52. Rxc5 Rxb6 53. Rb5 Rxb5 54. cxb5 Qd4 55. Qb3 Qb6 56. Qd5 Rb7 57. Rc1 Kh6 58. Rc5 Rb8 59. Qd2+ Kg7 60. Rd5 Rb7 61. Qb4 h5 62. Qc3 Qe6 63. Qc5 Kf7 64. Rd6 Qe7 65. b6 Kg7 66. Qd5 e4 67. Re6 Qd7 68. Qxe4 Kf7 69.
Rc6 Kg7 70. Qc4 Kh6 71. Qc1+ Kg7 72. Rc7 Rxc7 73. Qxc7 1-0

[Event "Grandmaster Tournament Blitz"]
[Site "Biel/Bienne, Switzerland"]
[Date "2019.07.27"]
[Round "11.3"]
[White "Abdusattorov, Nodirbek"]
[Black "Bogner, Sebastian"]
[Result "1-0"]
[ECO "E71"]
[WhiteElo "2550"]
[BlackElo "2584"]
[PlyCount "81"]
[EventDate "2019.??.??"]
[EventType "blitz"]
[TimeControl "3+2"]
[WhiteClock "0:01:00"]
[BlackClock "0:00:05"]

1. d4 Nf6 2. c4 g6 3. Nc3 Bg7 4. e4 O-O 5. h3 d6 6. Bg5 Na6 7. Bd3 e5 8. d5 c6 9. Nge2 Nc5 10. Bc2 a5 11. O-O Bd7 12. Qd2 cxd5 13. exd5 Qc7 14. b3 Nh5 15. Bh6 Qd8 16. Bxg7 Kxg7 17. a3 b6 18. Rfe1 Rc8 19. Rab1 a4 20. bxa4 Ra8 21. Nb5 Bxb5 22. Rxb5 Nxa4 23. Qb4 Nc5 24. Rxb6 Qc7 25. a4 Rfb8 26. a5 Nf6 27. Nc3 Nfd7 28. Rxb8 Rxb8 29. Nb5 Qd8 30. a6 Qb6 31. Ra1 Nxa6 32. Qxd6 Qxd6 33. Nxd6 Nac5 34. Ra7 Rb2 35. Ba4 Ra2 36. Rxd7 Rxa4 37. Rxf7+ Kg8 38. Re7 Nd3 39. Ne4 Rxc4 40. d6 Rc1+ 41. Kh2 1-0

[Event "Grandmaster Tournament Blitz"]
[Site "Biel/Bienne, Switzerland"]
[Date "2019.07.27"]
[Round "11.4"]
[White "Georgiadis, Nico"]
[Black "Cori, Jorge"]
[Result "1-0"]
[ECO "B48"]
[WhiteElo "2464"]
[BlackElo "2558"]
[PlyCount "155"]
[EventDate "2019.??.??"]
[EventType "blitz"]
[TimeControl "3+2"]
[WhiteClock "0:00:16"]
[BlackClock "0:00:11"]

1. e4 c5 2. Nf3 e6 3. d4 cxd4 4. Nxd4 Nc6 5. Nc3 Qc7 6. Be3 a6 7.
Qf3 Nf6 8. O-O-O d6 9. Nxc6 Qxc6 10. Be2 Nd7 11. Qg3 b5 12. a3 Bb7 13. f4 Rc8 14. Kb1 h5 15. h4 Qc7 16. Rhf1 Bc6 17.
Rd2 Qb7 18. f5 e5 19. Bg5 Bxe4 20. Nxe4 Qxe4 21. f6 gxf6 22. Bxf6 Nxf6 23. Rxf6 Be7 24. Rf1 Qg6 25. Qh3 Rc7 26. Rf5 e4 27. Rd4 Qe6 28. g3 Bf6 29. Rdd5 Ke7 30. Qf1 Be5 31. Bxh5 Qxd5 32. Rxf7+ Qxf7 33. Qxf7+ Kd8 34. Qf5 e3 35. Bg4 Re8 36. Qg5+ Rce7 37. Qxe3 Rc7 38. Qb6 d5 39. Qxa6 Ke7 40. Qxb5 Rd8 41. h5 Kf6 42. h6 Kg5 43. Be2 Kxh6 44. Qd3 Kg7 45. Qf5 Bf6 46. Bd3 Rc6 47. Qg6+ Kf8 48. Qh7 Rb6 49. c3 Bxc3 50. b4 Bg7 51. Qf5+ Rf6 52. Qh3 Rf3 53. Bg6 Ke7 54. Qh5 Rf1+ 55. Ka2 Rf2+ 56. Kb1 Rdf8 57. Qg5+ Kd6 58. Bd3 Bf6 59. Qe3 Rb2+ 60. Kc1 Rc8+ 61. Kd1 Rc3 62. Qf4+ Ke7 63. Qe3+ Kf7 64. Qf3 Ke7 65. Qe3+ Kd6 66. Qf4+ Be5 67. Qf8+ Kd7 68. Bf5+ Kc6 69. Qc8+ Kb6 70. Qd8+ Bc7 71. Qf6+ Kb7 72. Qxc3 Rg2 73. Qf3 Rxg3 74. Qxd5+ Kb8 75. Be4 Kc8 76. Qe6+ Kb8 77. Qe8+ Ka7 78. Qa8+ 1-0

[Event "Grandmaster Tournament Blitz"]
[Site "Biel/Bienne, Switzerland"]
[Date "2019.07.27"]
[Round "12.1"]
[White "Shankland, Sam"]
[Black "Georgiadis, Nico"]
[Result "1-0"]
[ECO "A15"]
[WhiteElo "2660"]
[BlackElo "2464"]
[PlyCount "71"]
[EventDate "2019.??.??"]
[EventType "blitz"]
[TimeControl "3+2"]
[WhiteClock "0:01:30"]
[BlackClock "0:00:03"]

1. Nf3 Nf6 2. c4 g6 3. b3 Bg7 4. Bb2 d6 5. e3 O-O 6. Be2 e5 7. O-O e4 8. Ne1 c6 9. d3 d5 10. Nc3 exd3 11. Nxd3 dxc4 12. bxc4 Be6 13. Nc5 Bc8 14. Qb3 b6 15. Rad1 Qc7 16. N5e4 Nbd7 17. Bf3 Ne5 18. Nxf6+ Bxf6 19. Ne4 Bg7 20. Be2 Bf5 21. Nd6 Be6 22. f4 Ng4 23. Bxg7 Kxg7 24. Qc3+ f6 25. Rd2 Rad8 26. Rfd1 Rd7 27. e4 Rfd8 28. e5 fxe5 29. fxe5 Nh6 30. Rf1 Kg8 31. Rf6 Re7 32. c5 bxc5 33. Rxe6 Rxe6 34. Bc4 Qe7 35. Qh3 Nf5 36. Nxf5 1-0

[Event "Grandmaster Tournament Blitz"]
[Site "Biel/Bienne, Switzerland"]
[Date "2019.07.27"]
[Round "12.2"]
[White "Cori, Jorge"]
[Black "Abdusattorov, Nodirbek"]
[Result "1-0"]
[ECO "A41"]
[WhiteElo "2558"]
[BlackElo "2550"]
[PlyCount "87"]
[EventDate "2019.??.??"]
[EventType "blitz"]
[TimeControl "3+2"]
[WhiteClock "0:00:37"]

1. d4 d6 2. Nf3 g6 3. c4 Bg7 4. Nc3 c5 5. dxc5 Bxc3+ 6. bxc3 dxc5 7. Qc2 Nc6 8. h3 Nf6 9. Bh6 Bf5 10. Qb2 Qb6 11. Qa3 O-O-O 12. g4 Be4 13. Bg2 Na5 14. O-O Nxc4 15. Qa4 Nd6 16. c4 Kb8 17. Ne5 Bxg2 18. Kxg2 Qc7 19. Rab1 Ka8 20. Rb3 Nd7 21. Ra3 a6 22. Bf4 Nxe5 23. Bxe5 f6 24.
Bg3 Qd7 25. Qc2 Qc6+ 26. f3 e5 27. Rb1 Rd7 28. Ra5 Ka7 29.
Bf2 b6 30. Rxb6 Kxb6 31. Rxc5 Qxc5 32. Qb3+ Kc6 33. Qa4+ Qb5 34. cxb5+ axb5 35. Qa6+ Kd5 36. a4 bxa4 37. Qxa4 Ke6 38. g5 f5 39. Qb3+ Ke7 40. Qd5 Nf7 41. Bc5+ Ke8 42. Qe6+ Kd8 43. Bb6+ Kc8 44. Qc6+ 1-0

[Event "Grandmaster Tournament Blitz"]
[Site "Biel/Bienne, Switzerland"]
[Date "2019.07.27"]
[Round "12.3"]
[White "Bogner, Sebastian"]
[Black "Maghsoodloo, Parham"]
[Result "0-1"]
[ECO "A81"]
[WhiteElo "2584"]
[BlackElo "2719"]
[PlyCount "76"]
[EventDate "2019.??.??"]
[EventType "blitz"]
[TimeControl "3+2"]
[WhiteClock "0:00:04"]
[BlackClock "0:00:11"]

1. d4 f5 2. g3 Nf6 3. Bg2 g6 4. Nf3 b6 5. Ne5 c6 6. O-O Bb7 7. b3 Bg7 8. Bb2 O-O 9. c4 d6 10. Nd3 Qc8 11. Nd2 c5 12. d5 e5 13. dxe6 Bxg2 14. Kxg2 Qxe6 15. Nf4 Qd7 16. e4 Nc6 17. exf5 Qxf5 18. Qf3 Ne5 19. Bxe5 dxe5 20. Ne2 e4 21. Qxf5 gxf5 22. Rad1 Ng4 23. h3 Nf6 24. Nf4 Bh6 25. Ne6 Rf7 26. Nb1 Re8 27. Nd8 Rff8 28. Nb7 f4 29. Nd6 Re5 30. Nc3 f3+ 31. Kh2 e3 32. fxe3 Rxe3 33. Nf5 Rxc3 34. Nxh6+ Kh8 35. Rd2 Ne4 36. Rb2 f2 37. g4 Rff3 38. Nf5 Rxh3+ 0-1

[Event "Grandmaster Tournament Blitz"]
[Site "Biel/Bienne, Switzerland"]
[Date "2019.07.27"]
[Round "12.4"]
[White "Leko, Peter"]
[Black "Vidit, Santosh Gujrathi"]
[Result "0-1"]
[ECO "C54"]
[WhiteElo "2743"]
[BlackElo "2694"]
[PlyCount "74"]
[EventDate "2019.??.??"]
[EventType "blitz"]
[TimeControl "3+2"]
[WhiteClock "0:00:15"]
[BlackClock "0:00:23"]

1. e4 e5 2. Nf3 Nc6 3. Bc4 Nf6 4. d3 Bc5 5. O-O O-O 6. c3 d6 7. Re1 a5 8. h3 h6 9. Nbd2 Be6 10. Bb5 Qb8 11. Nf1 Qa7 12. Be3 Bxe3 13.
Nxe3 Ne7 14. a4 Ng6 15. Qc2 c6 16. Bc4 d5 17. exd5 cxd5 18.
Bb5 Rad8 19. Nf1 Qb8 20. Ng3 Bd7 21. Re3 Rfe8 22. Rae1 Qc7 23. Qb3 Bc6 24. d4 e4 25. Nd2 Nf4 26. Rc1 Re6 27. Bf1 Qd7 28.
Ra1 Nh7 29. Ne2 Nxe2+ 30. Rxe2 f5 31. Ree1 Kh8 32. Qb6 Ra8 33. Bb5 f4 34. c4 Rg6 35. Kh2 f3 36. g4 Rxg4 37. Rg1 Rh4 0-1